 Dungeon Crawl Stone Soup version 0.18.1-47-g9310371 (webtiles) character file.

219 juanjsm the Sneak (level 5, -2/25 HPs)
             Began as a Spriggan Enchanter on June 18, 2016.
             Slain by a goblin
             ... wielding a +0 club
             ... led by Robin
              (6 damage)
             ... on level 4 of the Dungeon.
             The game lasted 00:07:42 (2114 turns).

juanjsm the Sneak (Spriggan Enchanter)              Turns: 2114, Time: 00:07:43

Health: -2/25      AC:  3    Str:  4    XL:     5   Next: 63%
Magic:  2/11       EV: 19    Int: 16    God:
Gold:   125        SH:  0    Dex: 18    Spells: 4 memorised, 2 levels left

rFire  . . .     SeeInvis +     a - +1 dagger
rCold  + . .     Gourm    .     b - +1 robe
rNeg   . . .     Faith    .     (shield restricted)
rPois  .         Spirit   .     (helmet restricted)
rElec  .         Dismiss  .     (no cloak)
rCorr  .         Reflect  .     (gloves unavailable)
SustAt .         Harm     .     (boots unavailable)
MR     .....                    (no amulet)
Stlth  ++++......               (no ring)
                                t - ring of protection from cold

@: very quick, not resistant to hostile enchantments, stealthy
A: unfitting armour, see invisible, herbivore 3, speed 3, slow metabolism 2
a: no special abilities


You were on level 4 of the Dungeon.
You were hungry.

You visited 1 branch of the dungeon, and saw 4 of its levels.

You collected 125 gold pieces.

Inventory:

Hand Weapons
 a - a +1 dagger (weapon)
 m - a +3 short sword
 v - a +0 blowgun
Missiles
 k - 8 needles of confusion
 w - 14 poisoned needles
Armour
 b - a +1 robe (worn)
Jewellery
 t - a ring of protection from cold (left hand)
Wands
 q - a wand of lightning (6/15)
Scrolls
 e - 2 scrolls of remove curse {unknown}
 h - 2 scrolls of teleportation {unknown}
 j - 4 scrolls of noise {unknown}
 o - a scroll of fog {unknown}
 r - a scroll of enchant weapon {unknown}
 s - a scroll of enchant armour {unknown}
 u - a scroll of identify {unknown}
Potions
 f - 2 potions of heal wounds {unknown}
 g - 2 potions of brilliance {unknown}
 l - 2 potions of might {unknown}
 p - a potion of cancellation {unknown}
Books
 c - a book of Maledictions

   Spells                             Type                      Level
   a - Corona                         Hexes                        1
   b - Ensorcelled Hibernation        Hexes/Ice                    2
   c - Confuse                        Hexes                        3
   d - Tukima's Dance                 Hexes                        3
   e - Dazzling Spray                 Conjuration/Hexes            3
Comestibles
 d - 2 bread rations
 i - 7 fruits
 n - a slice of pizza


   Skills:
 + Level 0.5 Fighting
 * Level 2.4 Short Blades
 + Level 3.2 Dodging
 + Level 6.7 Stealth
 + Level 3.9 Spellcasting
 + Level 4.4 Hexes
 + Level 1.3 Ice Magic


You had 2 spell levels left.
You knew the following spells:

 Your Spells              Type           Power        Failure   Level  Hunger
a - Corona                Hex            ###....      3%          1    None
b - Ensorcelled Hibernat  Hex/Ice        ##....       10%         2    ##.....
c - Confuse               Hex            ###.....     12%         3    ###....
d - Dazzling Spray        Conj/Hex       ##....       21%         3    ###....


Dungeon Overview and Level Annotations

Branches:
Dungeon (4/15)
 Temple: D:4-7

Altars:
Cheibriados

Annotations:
D:4 Robin


Innate Abilities, Weirdness & Mutations

You are tiny and cannot use many weapons and most armour.
You have supernaturally acute eyesight.
You are a herbivore.
You cover ground extremely quickly.
You need consume almost no food.


Message History

You hit the hobgoblin but do no damage.
The hobgoblin is almost dead.
You hit the hobgoblin but do no damage.
The hobgoblin is almost dead.
The goblin misses you. The hobgoblin barely misses you.
You hit the hobgoblin but do no damage.
The hobgoblin is almost dead.
The goblin hits you with a club.
* * * LOW HITPOINT WARNING * * *
The hobgoblin misses you.
You closely miss the hobgoblin.
The hobgoblin is almost dead.
The goblin hits you with a club.
* * * LOW HITPOINT WARNING * * *
The hobgoblin misses you.
You closely miss the hobgoblin.
The hobgoblin is almost dead.
The hobgoblin no longer looks unusually strong.
The goblin hits you with a club.
You die... .ggg.

##.g.## #...gg #
#...g# ####
##..##....#.##. ...#
......gg....... ####
#l# #g#### #g@..#
####### ####.#
#.....# #########.#
##.###.###.........#
#...<...##.#########
.....#..##.#
#..#..)....#
#<......####
#.#####.#


You could see Robin, a giant gecko, a hobgoblin and 2 goblins.

Vanquished Creatures
  The ghost of juanjsm the Sneak, an amateur SpEn (D:3)
  Ijyb (D:2)
  Terence (D:3)
  A worker ant (D:4)
  An adder (D:3)
  A shadow imp (D:3)
  2 worms (D:2)
  A dart slug (D:2)
  A giant gecko (D:1)
  An orc (D:3)
  6 bats
  3 giant cockroaches
  9 goblins
  9 hobgoblins
  3 jackals (D:3)
  A ball python (D:2)
  4 giant newts
  8 kobolds
  5 rats
59 creatures vanquished.

Notes
Turn   | Place    | Note
--------------------------------------------------------------
     0 | D:1      | juanjsm the Spriggan Enchanter began the quest for the Orb.
     0 | D:1      | Reached XP level 1. HP: 9/9 MP: 5/5
   134 | D:1      | Reached XP level 2. HP: 13/13 MP: 4/6
   138 | D:1      | Learned a level 2 spell: Ensorcelled Hibernation
   177 | D:2      | Found a snail-covered altar of Cheibriados.
   254 | D:1      | Reached skill level 5 in Stealth
   769 | D:3      | Reached XP level 3. HP: 16/16 MP: 6/8
   788 | D:2      | Learned a level 3 spell: Confuse
   939 | D:2      | Noticed Ijyb
   964 | D:2      | Killed Ijyb
   964 | D:2      | Reached skill level 6 in Stealth
   964 | D:2      | Reached XP level 4. HP: 18/21 MP: 9/9
   972 | D:2      | Reached skill level 1 in Ice Magic
  1352 | D:3      | Noticed juanjsm's ghost (amateur SpEn)
  1646 | D:3      | Killed juanjsm's ghost
  1646 | D:3      | Reached XP level 5. HP: 25/25 MP: 6/11
  1651 | D:3      | Learned a level 3 spell: Dazzling Spray
  1711 | D:3      | Noticed Terence
  1935 | D:3      | Killed Terence
  1998 | D:4      | Noticed Robin
  2114 | D:4      | Slain by a goblin

Skill      XL: |  1  2  3  4 |
---------------+-------------+-----
Spellcasting   | 3 |  3.9
Stealth        | 5 6 |  6.7
Hexes          | 4 |  4.4
Ice Magic      | 1 |  1.3
Short Blades   | 2 |  2.4
Fighting       | |  0.5
Dodging        | |  3.2

Action                   |  1- 3 |  4- 6 || total
-------------------------+-------+-------++-------
Melee: Dagger            |    49 |    76 ||   125
 Cast: Corona            |     2 |       ||     2
       Ensorcelled Hiber |    12 |    19 ||    31
       Confuse           |       |     3 ||     3
 Stab: Sleeping          |    25 |    22 ||    47
       Distracted        |       |     1 ||     1
       Confused          |       |     1 ||     1
Armor: Robe              |     6 |     4 ||    10
Dodge: Dodged            |    18 |    67 ||    85
